 Dungeon Crawl Stone Soup version 0.29.1-1-gd02db6906a (webtiles) character file.

Game seed: 2848915462940379615

1169 Godmorgon the Magician (level 8, -15/60 HPs)
             Began as a Djinni Ice Elementalist on Oct 5, 2022.
             Demolished by an orc warrior
             ... wielding a +0 halberd
              (23 damage)
             ... on level 6 of the Dungeon.
             The game lasted 00:22:54 (6971 turns).

Godmorgon the Magician (Djinni Ice Elementalist)    Turns: 6971, Time: 00:22:55

Health: -15/60     AC:  2    Str:  7    XL:     8   Next: 68%
Gold:   92         EV: 12    Int: 19    God:
                   SH:  0    Dex: 14

rFire   + + .      SeeInvis .   a - +0 long sword
rCold   x . .      Faith    .   (no shield)
rNeg    . . .      Spirit   .   f - +0 robe
rPois   ∞          Reflect  .   (no helmet)
rElec   .          Harm     .   (no cloak)
rCorr   .          Rampage  .   (no gloves)
Will    .....                   (boots unavailable)
Stlth   +.........              h - amulet of the acrobat
HPRegen 0.20/turn               c - ring of wizardry
MPRegen 0.00/turn               (no ring)

@: confused, weakened, flying
A: sickness immunity, fire resistance 2, cold vulnerability 1, float, innate
caster, HP casting, extra vitality 1
a: no special abilities


You were on level 6 of the Dungeon.
You visited 2 branches of the dungeon, and saw 7 of its levels.
You also visited: Sewer.

You collected 278 gold pieces.
You spent 186 gold pieces at shops.

Inventory:

Hand Weapons
 a - a +0 long sword (weapon)
Missiles
 i - 12 boomerangs (quivered)
Armour
 f - a +0 robe (worn)
Jewellery
 c - a ring of wizardry (left hand)
 h - an amulet of the acrobat (around neck)
Scrolls
 d - a scroll of poison
 e - 2 scrolls of fear {unknown}
 g - a scroll of blinking {unknown}
 n - 2 scrolls of teleportation {unknown}
 o - 2 scrolls of silence {unknown}
 q - 2 scrolls of immolation
 r - 2 scrolls of amnesia {unknown}
 s - 3 scrolls of fog {unknown}
 t - a scroll of vulnerability {unknown}
 w - a scroll of enchant weapon {unknown}
 y - a scroll of magic mapping
 A - a scroll of identify
Potions
 b - a potion of curing {unknown}
 j - a potion of might {unknown}
 k - 3 potions of attraction
 l - 3 potions of cancellation
 p - a potion of brilliance {unknown}
 u - 2 potions of magic {unknown}
 v - a potion of lignification {unknown}
 x - a potion of flight {unknown}
 z - a potion of berserk rage {unknown}


   Skills:
 + Level 5.4 Fighting
 - Level 2.1 Dodging
 - Level 1.5 Stealth
 * Level 7.0 Spellcasting


You had 5 spell levels left.
You knew the following spells:

 Your Spells              Type           Power      Damage    Failure   Level
a - Ozocubu's Armour      Ice            33%        N/A       1%          3
b - Hailstorm             Conj/Ice       33%        3d8       2%          4
f - Freeze                Ice            100%       1d11      1%          1
h - Ensorcelled Hibernat  Hex/Ice        66%        N/A       1%          2
r - Frozen Ramparts       Ice            66%        1d10      1%          3
s - Slow                  Hex            100%       N/A       1%          1
P - Passwall              Tmut/Erth      27%        N/A       1%          2
Your spell library was empty.

Dungeon Overview and Level Annotations

Branches:
Dungeon (6/15)             Temple (1/1) D:6           Sewer (visited)

Altars:
Ashenzari
Dithmenos
Fedhas
Gozag
Hepliaklqana
Okawaru
Ru
Trog
Wu Jian
Xom
Yredelemnul
Zin

Shops:
D:3 ?:[   D:5 (


Innate Abilities, Weirdness & Mutations

You are immune to sickness and miasma.
You are immune to poison.
Your flesh is very heat resistant. (rF++)
You are vulnerable to cold. (rC-)
You float through the air rather than walking.
You learn spells naturally, not from books.
Your magical power is your life essence.
You have superior vitality. (+4 MHP)


Message History

As you read the scroll of poison, it crumbles to dust.
The kobold brigand shoots a sling bullet.
The sling bullet hits you.
The orc wizard mumbles some strange words.
The orc wizard flickers and vanishes!
Deactivating autopickup; reactivate with Ctrl-A.
The phantom hits you.
You feel much better. The phantom hits you.
The phantom blinks!
You blink.
An orc wizard comes into view.
It is wielding a +0 dagger and wearing a +1 robe of willpower.
The ice beast hits you but does no damage.
The orc warrior hits you from afar with a +0 halberd!!
The gnoll bouda barks out a call to the hunt!
The gnoll picks up the pace!
You feel much better. The adder bites you. The adder closely misses you.
The gnoll closely misses you. The adder bites you but does no damage.
The adder bites you.
The orc warrior hits you from afar with a +0 halberd!
The phantom hits you but does no damage.
The kobold brigand shoots a sling bullet.
The sling bullet completely misses you.
The sling bullet misses the phantom.
The ice beast hits you. The ice beast freezes you!
You feel a terrible chill!
* * * LOW HITPOINT WARNING * * *
You hear some strange, mumbled words.
You are confused.
The orc wizard shouts!
You are too confused!
You feel much better. The adder bites you.
The adder bites you but does no damage. The gnoll hits you with a +0 whip!
* * * LOW HITPOINT WARNING * * *
The iguana hisses menacingly.
The phantom hits you.
* * * LOW HITPOINT WARNING * * *
The kobold brigand shoots a sling bullet.
The sling bullet barely misses you.
The sling bullet completely misses the phantom.
The ice beast misses you.
The gnoll bouda gazes fiercely through you!
You feel as though you will be weak longer.
The orc warrior hits you from afar with a +0 halberd!!
You die...

....### ### ......#
..### ......# .§§§##
....(.# §§§§#
.....## .#####§§§##
.....# .o§§K§§§§§#
.....#.. ..§§§§.l§§#
######.....§§§§§§Y§#
# #.S. #§§S@§§# #
#.... #§§gSW{# #
#..g#####o§K## #
#.....#.§gg§# #
#..s.#gg§§##
##########..§..###
†........###§###
########...)g# #
#######


You could see an orc warrior, an ice beast, a kobold brigand, a phantom, a gnoll
bouda, an iguana, an orc wizard, 5 gnolls, 2 adders and a kobold.

Vanquished Creatures
  An ogre (D:5)
  A centaur (D:5)
  A kobold brigand (D:6)
  A necrophage (D:6)
  A scorpion (D:5)
  2 bullfrogs (D:6)
  3 wights (D:6)
  2 orc priests (D:5)
  4 hounds
  An iguana (D:5)
  An orc wizard (D:6)
  A hell rat (Sewer)
  4 gnolls
  11 adders
  A river rat (Sewer)
  2 white imps (D:6)
  6 dart slugs
  14 orcs
  11 endoplasms
  6 giant cockroaches
  5 goblins
  8 hobgoblins
  A jackal (D:1)
  4 quokkas
  8 ball pythons
  6 bats
  4 frilled lizards
  11 kobolds
  10 rats
131 creatures vanquished.

Notes
Turn   | Place    | Note
-------+----------+-------------------------------------------
     0 | D:1      | Godmorgon the Djinni Ice Elementalist began the quest for
                  | the Orb.
     0 | D:1      | Godmorgon set off with the following spells memorised:
                  | Freeze, Frozen Ramparts, Ozocubu's Armour, Hailstorm.
     0 | D:1      | Reached XP level 1. HP: 15/15 MP: 0/0
   310 | D:1      | Reached XP level 2. HP: 16/22 MP: 0/0
   439 | D:1      | Reached skill level 1 in Fighting
   843 | D:1      | Reached XP level 3. HP: 25/27 MP: 0/0
   843 | D:1      | Learned a level 1 spell: Slow
  1810 | D:2      | Reached XP level 4. HP: 20/32 MP: 0/0
  1971 | D:2      | Reached skill level 4 in Spellcasting
  2602 | D:2      | Found a faded altar of an unknown god.
  2744 | D:2      | Reached XP level 5. HP: 34/38 MP: 0/0
  2744 | D:2      | Learned a level 2 spell: Ensorcelled Hibernation
  3525 | D:3      | Found Yfahe's Armour Boutique.
  3974 | D:3      | Found Lyresis's Magic Scroll Shop.
  3986 | D:3      | Bought a scroll of identify for 24 gold pieces
  3986 | D:3      | Bought a scroll of magic mapping for 90 gold pieces
  3986 | D:3      | Bought a scroll of poison for 48 gold pieces
  3986 | D:3      | Bought a scroll of identify for 24 gold pieces
  4111 | D:3      | Found Milafful's Book Shoppe.
  4301 | D:4      | Found a glowing drain.
  4316 | D:4      | Reached XP level 6. HP: 35/45 MP: 0/0
  4372 | Sewer    | Entered a sewer
  4780 | D:5      | Entered Level 5 of the Dungeon
  4800 | D:5      | Reached skill level 5 in Spellcasting
  5085 | D:5      | Found Kitom's Antique Weapon Emporium.
  5103 | D:5      | Reached XP level 7. HP: 44/50 MP: 0/0
  5103 | D:5      | Learned a level 2 spell: Passwall
  5441 | D:5      | Identified the +7 halberd of Stickiness {drain, Str+6}
  5567 | D:5      | Reached skill level 6 in Spellcasting
  5970 | D:6      | Reached XP level 8. HP: 25/58 MP: 0/0
  6719 | D:6      | Found a staircase to the Ecumenical Temple.
  6727 | Temple   | Entered the Ecumenical Temple
  6799 | D:6      | Reached skill level 5 in Fighting
  6967 | D:6      | Reached skill level 7 in Spellcasting
  6971 | D:6      | Demolished by an orc warrior

Illustrated notes

Levels and vault maps discovered:
D:1:      nzn_arrival_water_spiral, layout_basic, corexii_leaking_fountain,
          minivault_26, st_stairs_6, minmay_pentomino_v4
D:2:      kennysheep_big_flooded_room, layout_loops_corners,
          shapermc_ecumenical_altar_venn, kennysheep_generic_room_2
D:3:      layout_basic, serial_shops, nicolae_shop_statue_plus, shop,
          nicolae_square_shop
D:4:      layout_cave_pools, mainiacjoe_overflow_concentric_impassable,
          tso_metal_star, nemelex_dance_club_becter, gup_sewer_entry_glass,
          nrook_loot_triangle, serial_bayou_pond_a, uniq_eustachio
D:5:      layout_basic, serial_shops, shop
D:6:      layout_basic, minmay_temple_entry_wispy, grunt_potential
Temple:   nicolae_temple_ecumenical_triangle

Skill      XL: |  1  2  3  4  5  6  7  8 |
---------------+-------------------------+-----
Fighting       | 1 2 3 4 5 |  5.4
Spellcasting   | 4 5 6 7 |  7.0
Dodging        | |  2.1
Stealth        | |  1.5

Action                   |  1- 3 |  4- 6 |  7- 9 || total
-------------------------+-------+-------+-------++-------
Melee: Dagger            |    27 |       |       ||    27
       Long sword        |       |    91 |    70 ||   161
       Punch             |       |       |     4 ||     4
Throw: Boomerang         |       |     4 |    13 ||    17
 Cast: Freeze            |    43 |    14 |       ||    57
       Frozen Ramparts   |     5 |    19 |    17 ||    41
       Ozocubu's Armour  |       |     5 |     6 ||    11
  Use: Scroll            |       |     4 |     1 ||     5
       Potion            |       |       |     4 ||     4
 Stab: Sleeping          |     1 |     3 |       ||     4
Armor: Robe              |     4 |    17 |    18 ||    39
Dodge: Dodged            |    30 |    70 |    64 ||   164
